 Dungeon Crawl Stone Soup version 0.20.1-1-g8b1a95d (webtiles) character file.

122 Ladhar the Chopper (level 4, 0/40 HPs)
             Began as a Minotaur Fighter on Oct 24, 2017.
             Succumbed to an orc wizard's poison
             ... on level 3 of the Dungeon.
             The game lasted 00:07:51 (1697 turns).

Ladhar the Chopper (Minotaur Fighter)               Turns: 1697, Time: 00:07:51

Health: 0/40       AC: 11    Str: 21    XL:     4   Next: 78%
Magic:  3/3        EV:  4    Int:  5    God:
Gold:   188        SH:  9    Dex: 10    Spells: 3/3 levels left

rFire    . . .     SeeInvis .   a - +0 war axe
rCold    . . .     Gourm    .   c - +0 shield
rNeg     . . .     Faith    .   o - +0 plate armour
rPois    .         Spirit   .   (helmet restricted)
rElec    .         Reflect  .   (no cloak)
rCorr    .         Harm     .   (no gloves)
MR       .....                  (no boots)
Stlth    ..........             (no amulet)
Regen    0.2/turn               (no ring)
MPRegen  0.1/turn               (no ring)

@: lethally poisoned (0 -> -20)
A: retaliatory headbutt, horns 2
a: no special abilities


You were on level 3 of the Dungeon.
You were not hungry.

You visited 1 branch of the dungeon, and saw 4 of its levels.

You collected 188 gold pieces.

Inventory:

Hand Weapons
 a - a +0 war axe (weapon)
 e - a +1 whip of draining
Missiles
 p - 6 javelins of returning (quivered)
Armour
 c - a +0 shield (worn)
 o - a +0 plate armour (worn)
Jewellery
 b - an uncursed ring of stealth {unknown}
Scrolls
 g - 3 scrolls of identify {unknown}
 k - 2 scrolls of enchant armour {unknown}
 l - a scroll of noise {unknown}
 n - a scroll of remove curse {unknown}
Potions
 d - a potion of might
 j - a potion of mutation {unknown}
Comestibles
 f - 3 bread rations
 h - 3 chunks of flesh
 i - a royal jelly
 m - a meat ration


   Skills:
 - Level 3.9 Fighting
 * Level 5.2 Axes
 - Level 3.9 Armour
 + Level 4.3 Shields


You had 3 spell levels left.
You didn't know any spells.

Dungeon Overview and Level Annotations

Branches:
Dungeon (4/15)
 Temple: D:4-7

Altars:
Ashenzari


Innate Abilities, Weirdness & Mutations

You reflexively headbutt those who attack you in melee.
You have a pair of horns on your head.


Message History

You miss something.
You hear some strange, mumbled words.
A puff of frost appears from out of thin air!
The puff of frost hits you!
You closely miss something.
You feel sick. Something hits you but does no damage.
You are lethally poisoned!
Something hits you.
* * * LOW HITPOINT WARNING * * *
You are more poisoned.
Your shield and plate armour prevent you from hitting something.
Your headbutt misses something.
* * * LOW HITPOINT WARNING * * *
You feel sick.
Your plate armour prevents you from hitting something.
* * * LOW HITPOINT WARNING * * *
You feel sick. Something hits you but does no damage.
You are more poisoned.
You miss something.
You die...

###### #....# #....#
###### #....# #....#
#..{.# #....# #.@..#
#....# ###....#
#....# #......#
#....# #.....##
####.#### #.....#
.....# #.....#
#############..)..###
# #...<.............#
# #.###############)#


There were no monsters in sight!

Vanquished Creatures
  4 adders (D:2)
  4 gnolls (D:3)
  An ooze (D:3)
  3 dart slugs
  A leopard gecko (D:3)
  2 giant cockroaches
  3 hobgoblins
  2 jackals (D:1)
  5 bats
  4 frilled lizards
  5 goblins
  6 kobolds (D:1)
  3 rats
43 creatures vanquished.

Notes
Turn   | Place    | Note
-------+----------+-------------------------------------------
     0 | D:1      | Ladhar the Minotaur Fighter began the quest for the Orb.
     0 | D:1      | Reached XP level 1. HP: 19/19 MP: 0/0
   168 | D:1      | Reached XP level 2. HP: 27/27 MP: 1/1
   486 | D:1      | Reached skill level 3 in Axes
   671 | D:1      | You fall through a shaft!
   702 | D:2      | Reached XP level 3. HP: 33/33 MP: 2/2
   822 | D:2      | Found a shattered altar of Ashenzari.
   961 | D:2      | Reached skill level 4 in Axes
   961 | D:2      | Reached XP level 4. HP: 39/40 MP: 3/3
  1414 | D:3      | Reached skill level 5 in Axes
  1696 | D:3      | HP: 2/40 [poisoned by an orc wizard]
  1697 | D:3      | Succumbed to an orc wizard's poison

Skill      XL: |  1  2  3  4 |
---------------+-------------+-----
Shields        | 4 |  4.3
Axes           | 3 4 5 |  5.2
Fighting       | |  3.9
Armour         | |  3.9

Action                   |  1- 3 |  4- 6 || total
-------------------------+-------+-------++-------
Melee: War axe           |    76 |    47 ||   123
       Headbutt          |     6 |     6 ||    12
  Eat: Bread ration      |       |     1 ||     1
       Chunk             |       |     1 ||     1
Armor: Scale mail        |    39 |       ||    39
       Plate armour      |     2 |    21 ||    23
Dodge: Dodged            |    27 |     3 ||    30
Block: Shield            |    30 |    28 ||    58
